 Dungeon Crawl Stone Soup version 0.25-a0-842-g81a31cfd23 (webtiles) character file.

Game seed: 17471335356892327586, levelgen mode: deterministic

182 Error4North the Shield-Bearer (level 5, -4/47 HPs)
             Began as a Hill Orc Fighter on Apr 24, 2020.
             Slain by a gnoll
             ... wielding a +1 flail of protection
              (5 damage)
             ... on level 3 of the Dungeon.
             The game lasted 00:09:52 (2665 turns).

Error4North the Shield-Bearer (Hill Orc Fighter)    Turns: 2665, Time: 00:09:52

Health: -4/47      AC:  7    Str: 20    XL:     5   Next: 61%
Magic:  5/5        EV:  7    Int:  8    God:
Gold:   144        SH:  9    Dex: 10    Spells: 4/4 levels left

rFire    . . .     SeeInvis .   g - +2 whip (venom)
rCold    . . .     Gourm    .   c - +0 kite shield
rNeg     . . .     Faith    .   b - +0 scale mail
rPois    .         Spirit   .   (no helmet)
rElec    .         Reflect  .   (no cloak)
rCorr    .         Harm     .   (no gloves)
MR       .....     Clarity  +   (no boots)
Stlth    ..........             (no amulet)
HPRegen  0.15/turn              (no ring)
MPRegen  0.09/turn              (no ring)

@: very slightly contaminated, invisible
A: clarity, MP-powered wands
a: no special abilities


You were on level 3 of the Dungeon.
You were hungry.

You visited 1 branch of the dungeon, and saw 4 of its levels.

You collected 144 gold pieces.

Inventory:

Hand Weapons
 a - a +0 war axe
 g - a +2 whip of venom (weapon)
Missiles
 v - 4 javelins (quivered)
Armour
 b - a +0 scale mail (worn)
 c - a +0 kite shield (worn)
Scrolls
 e - 6 scrolls of identify {unknown}
 h - a scroll of enchant armour {unknown}
 i - 2 scrolls of fear {unknown}
 j - a scroll of enchant weapon {unknown}
 k - 5 scrolls of teleportation {unknown}
 l - 4 scrolls of remove curse {unknown}
 m - a scroll of random uselessness {unknown}
 s - a scroll of magic mapping {unknown}
 u - 2 scrolls of blinking {unknown}
Potions
 d - a potion of might
 n - a potion of invisibility
 o - a potion of haste {unknown}
 p - 3 potions of curing {unknown}
 q - a potion of mutation
 r - a potion of resistance {unknown}
Comestibles
 f - 7 rations


   Skills:
 * Level 4.5 Fighting
 + Level 2.9(3.3) Axes
 + Level 1.8(2.4) Maces & Flails
 * Level 4.4 Armour
 + Level 0.3 Dodging
 * Level 4.8 Shields


You had 4 spell levels left.
You didn't know any spells.
Your spell library was empty.

Dungeon Overview and Level Annotations

Branches:
Dungeon (4/15)
 Temple: D:4-7

Altars:
Makhleb
Uskayaw
The Shining One


Innate Abilities, Weirdness & Mutations

You possess an exceptional clarity of mind.
You expend magic power (3 MP) to strengthen your wands.


Message History

You barely miss the gnoll. You block the gnoll's attack. x2
The gnoll closely misses you. The gnoll hits you with a +0 spear.
The gnoll hits you from afar with a +0 halberd.
* * * LOW HITPOINT WARNING * * *
You kill the gnoll!
There is an escape hatch in the ceiling here.
The gnoll hits you with a +1 flail of protection!
* * * LOW HITPOINT WARNING * * *
A mysterious force pulls you upwards. The hatch slams shut behind you.
It was a potion of mutation.
You feel extremely strange.
Your thoughts seem clearer.
You feel your magical essence link to the dungeon's wands.
You block the gnoll's attack.
It was a potion of invisibility.
You fade into invisibility!
You are very lightly contaminated with residual magic.
You completely miss the gnoll.
The gnoll hits you with a +1 flail of protection.
You die...

#..........# #.#
######.###.# #.#
#.# #.# #.# #.#
#.# ###.## #.# #.#
#....#
##########.# #.#
#.#.##
#.......##.# #.#
##.###
###.#####.##<# #.#
##...## ....#
#.##.#
#@###.....########
##### #.##.#
#g................
#..#.#
#####.....########
##.#.# ##...##
#.#.##### #...#
##.#.....# #.#.#
#........# #...#
#..#####.# ###>#
#..# #.# #.#


You could see a gnoll.

Vanquished Creatures
  An orc wizard (D:4)
  3 adders
  2 gnolls (D:4)
  3 oozes
  4 worms
  2 dart slugs
  A leopard gecko (D:2)
  5 orcs
  2 giant cockroaches
  7 goblins
  7 hobgoblins
  4 jackals (D:3)
  8 kobolds
  2 quokkas
  7 bats
  4 frilled lizards
  9 rats
71 creatures vanquished.

Notes
Turn   | Place    | Note
-------+----------+-------------------------------------------
     0 | D:1      | Error4North the Hill Orc Fighter began the quest for the
                  | Orb.
     0 | D:1      | Reached XP level 1. HP: 19/19 MP: 1/1
   238 | D:1      | Reached XP level 2. HP: 19/27 MP: 2/2
   672 | D:1      | Reached XP level 3. HP: 33/33 MP: 3/3
  1332 | D:2      | Reached XP level 4. HP: 40/40 MP: 4/4
  1461 | D:2      | Found a glowing golden altar of the Shining One.
  1607 | D:2      | Found a burning altar of Makhleb.
  1607 | D:2      | Noticed a green death
  1610 | D:2      | Noticed an orange demon
  1610 | D:2      | Noticed a neqoxec
  2156 | D:3      | Reached skill level 1 in Maces & Flails
  2156 | D:3      | Reached XP level 5. HP: 47/47 MP: 5/5
  2604 | D:4      | Found a hide-covered altar of Uskayaw.
  2661 | D:4      | HP: 1/47 [gnoll/+1 flail of protection (14)]
  2663 | D:3      | Gained mutation: You possess an exceptional clarity of
                  | mind. [potion of mutation]
  2663 | D:3      | Gained mutation: You expend magic power (3 MP) to
                  | strengthen your wands. [potion of mutation]
  2665 | D:3      | Slain by a gnoll

Levels and vault maps discovered:
D:1:      matt_arrival_los_fun, layout_basic
D:2:      layout_loops_ring, tso_altar, makhleb_altar_promises_db, first_ration,
          nrook_mini_vaults, st_stairs_14
D:3:      layout_loops_ring
D:4:      layout_basic, kennysheep_mini, uniq_pikel

Skill      XL: |  1  2  3  4 |
---------------+-------------+-----
Fighting       | 4 |  4.5
Shields        | 4 |  4.8
Armour         | 4 |  4.4
Maces & Flails | 1 |  1.8
Axes           | |  2.9
Dodging        | |  0.3

Action                   |  1- 3 |  4- 6 || total
-------------------------+-------+-------++-------
Melee: War axe           |    17 |       ||    17
       Whip              |    74 |    94 ||   168
  Use: Potion            |     1 |     2 ||     3
  Eat: Chunk             |     1 |     4 ||     5
Armor: Scale mail        |    42 |    48 ||    90
Dodge: Dodged            |    28 |    26 ||    54
Block: Kite shield       |    29 |    41 ||    70

Table legend:
 A = Non-vault XP
 B = Vault XP
 C = Vault XP percentage of total XP
 D = Non-vault monster count
 E = Vault monster count
 F = Vault count percentage of total count
                 A         B        C        D         E       F
            +---------+---------+-------+---------+---------+-------
      Total |     253 |       7 |   2.7 |      70 |       1 |   1.4
            +---------+---------+-------+---------+---------+-------
        D:1 |      38 |       0 |   0.0 |      23 |       0 |   0.0
        D:2 |      55 |       7 |  11.3 |      16 |       1 |   5.9
        D:3 |      78 |       0 |   0.0 |      24 |       0 |   0.0
        D:4 |      82 |       0 |   0.0 |       7 |       0 |   0.0
            +---------+---------+-------+---------+---------+-------
